 Dungeon Crawl Stone Soup version 0.24.0-41-g2ae2f7f1be (webtiles) character file.

Game seed: 2739368741526874013, levelgen mode: deterministic

22942 DildoBatman the Geomancer (level 13, 0/91 HPs)
             Began as a Formicid Wizard on Dec 14, 2019.
             Was a High Priest of Kikubaaqudgha.
             Killed from afar by a frost giant (26 damage)
             ... with a bolt of cold
             ... on level 15 of the Dungeon.
             The game lasted 01:14:07 (14953 turns).

DildoBatman the Geomancer (Formicid Wizard)        Turns: 14953, Time: 01:14:07

Health: 0/91       AC:  6    Str: 12    XL:     13   Next: 31%
Magic:  2/24       EV: 13    Int: 28    God:    Kikubaaqudgha [*****.]
Gold:   666        SH: 10    Dex:  9    Spells: 2/27 levels left

rFire    + . .     SeeInvis +   a - +4 hunting sling
rCold    . . .     Gourm    .   Q - +0 shield
rNeg     + . .     Faith    +   W - +2 robe {rN+}
rPois    .         Spirit   .   (helmet unavailable)
rElec    .         Reflect  .   L - +0 cloak {+Inv}
rCorr    .         Harm     .   I - +0 pair of gloves
MR       ++...                  (no boots)
Stlth    ++........             r - amulet of faith
HPRegen  0.25/turn              V - ring of protection from fire (curse)
MPRegen  0.19/turn              j - ring of protection from magic

@: brilliant
A: permanent stasis, dig shafts and tunnels, four strong arms, antennae 3
a: Dig, Shaft Self, Receive Corpses, Torment, Renounce Religion, Evoke
Invisibility


You were on level 15 of the Dungeon.
You worshipped Kikubaaqudgha.
Kikubaaqudgha was extremely pleased with you.
You were hungry.

You visited 2 branches of the dungeon, and saw 14 of its levels.
You also visited: Sewer.

You collected 666 gold pieces.

Inventory:

Hand Weapons
 a - a +4 hunting sling (weapon)
 b - the +5 quarterstaff of Courage {crush, rN+ SInv}
   (You found it on level 11 of the Dungeon)

   It inflicts extra damage upon your enemies.
   It protects you from negative energy.
   It lets you see invisible.
 d - the +4 mace of Zin's Condemnation {freeze, rElec rF+}
   (You found it on level 6 of the Dungeon)

   It has been specially enchanted to freeze those struck by it, causing extra
   injury to most foes and up to half again as much damage against particularly
   susceptible opponents.
   It can also slow down cold-blooded creatures.
   It protects you from fire.
   It insulates you from electricity.
Missiles
 k - 459 arrows
 m - 78 sling bullets (quivered)
 Z - 77 bolts
Armour
 f - the +3 scale mail of Ytsach {rN+ Str+3 Slay+2 SInv}
   (You found it on level 4 of the Dungeon)

   It affects your strength (+3).
   It affects your accuracy and damage with ranged weapons and melee attacks
   (+2).
   It protects you from negative energy.
   It lets you see invisible.
 I - a +0 pair of gloves (worn)
 L - a +0 cloak of invisibility (worn)
 Q - a +0 shield (worn)
 W - a +2 robe of positive energy (worn)
Magical Staves
 N - an uncursed staff of earth
Jewellery
 g - an uncursed ring of protection from cold
 h - an uncursed ring of positive energy
 j - a ring of protection from magic (right hand)
 o - an uncursed ring of protection from magic
 r - an amulet of faith (around neck)
 D - an uncursed ring of ice
 V - a cursed ring of protection from fire (left hand)
Wands
 w - a wand of iceblast (8)
 F - a wand of disintegration (7)
 J - a wand of acid (5)
 S - a wand of scattershot (4)
Scrolls
 c - 2 scrolls of magic mapping {unknown}
 e - a scroll of immolation {unknown}
 t - a scroll of holy word {unknown}
 x - 6 scrolls of remove curse
 y - 2 scrolls of random uselessness {unknown}
 z - a scroll of identify
 B - a scroll of acquirement {unknown}
 C - 3 scrolls of enchant armour
 H - a scroll of fear {unknown}
 K - 2 scrolls of fog {unknown}
 M - 3 scrolls of amnesia
 O - a scroll of noise {unknown}
 T - a scroll of enchant weapon {unknown}
 X - a scroll of torment {unknown}
Potions
 i - a potion of heal wounds
 l - 5 potions of curing
 n - 2 potions of might
 p - 3 potions of flight {unknown}
 q - a potion of mutation {unknown}
 s - a potion of degeneration {unknown}
 u - a potion of cancellation {unknown}
 E - a potion of berserk rage {unknown}
 G - a potion of agility {unknown}
 P - 2 potions of lignification {unknown}
 R - a potion of ambrosia {unknown}
 U - a potion of brilliance
Miscellaneous
 Y - a lightning rod (4/4)
Comestibles
 v - 15 rations
 A - 9 chunks of flesh


   Skills:
 * Level 5.1 Fighting
 * Level 5.0 Armour
 * Level 4.7 Dodging
 - Level 2.4 Stealth
 - Level 9.1 Shields
 - Level 7.7 Spellcasting
 - Level 6.1 Conjurations
 - Level 4.0 Charms
   Level 1.0 Summonings
 * Level 9.6 Necromancy
   Level 0.8 Translocations
 - Level 5.0 Fire Magic
 - Level 5.0 Air Magic
 * Level 9.9 Earth Magic


You had 2 spell levels left.
You knew the following spells:

 Your Spells              Type           Power        Failure   Level  Hunger
a - Conjure Flame         Conj/Fire      ######..     1%          3    None
b - Borgnjor's Vile Clut  Necr/Erth      ######....   1%          5    ####...
c - Magic Dart            Conj           ####         1%          1    None
d - Regeneration          Chrm/Necr      ######....   1%          3    None
e - Mephitic Cloud        Conj/Pois/Air  #####...     1%          3    None
f - Vampiric Draining     Necr           ######....   1%          3    None
h - Dispel Undead         Necr           ######..     1%          5    ####...
z - Sublimation of Blood  Necr           ######....   1%          2    None

Your spell library contained the following spells:

 Spells                   Type           Power        Failure   Level  Hunger
 Animate Skeleton         Necr           N/A          1%          1    None
 Corona                   Hex            ####...      1%          1    None
 Infusion                 Chrm           ####         1%          1    None
 Pain                     Necr           ####         1%          1    None
 Call Imp                 Summ           ####....     1%          2    None
 Ensorcelled Hibernation  Hex/Ice        ####..       1%          2    None
 Shroud of Golubria       Chrm/Tloc      #####.       1%          2    None
 Slow                     Hex            ####....     1%          2    None
 Song of Slaying          Chrm           ######..     1%          2    None
 Confuse                  Hex            ####....     1%          3    None
 Dazzling Spray           Conj/Hex       #####.       1%          3    None
 Spectral Weapon          Hex/Chrm       #####...     1%          3    None
 Tukima's Dance           Hex            ####....     1%          3    None
 Agony                    Necr           ######..     1%          5    ####...
 Excruciating Wounds      Chrm/Necr      ######....   1%          5    ####...
 Simulacrum               Ice/Necr       ######....   12%         6    ######.
 Blink                    Tloc           Unusable     N/A         2    N/A

Dungeon Overview and Level Annotations

Branches:
Dungeon (12/15)            Temple (1/1) D:4            Lair (0/6) D:8
  Sewer (visited)
    Orc: D:9-12

Altars:
Ashenzari
Cheibriados
Dithmenos
Elyvilon
Fedhas
Gozag
Hepliaklqana
Kikubaaqudgha
Makhleb
Nemelex Xobeh
Okawaru
Qazlal
Ru
Sif Muna
Trog
Uskayaw
Vehumet
Wu Jian
Xom
Yredelemnul
Zin
The Shining One

Shops:
D:4 [   D:6 (   D:10 (


Innate Abilities, Weirdness & Mutations

You cannot be hasted, slowed, berserked, paralysed or teleported.
You can dig through walls and to a lower floor.
Your four strong arms can wield two-handed weapons with a shield.
You have a pair of large antennae on your head. (SInv)


Message History

Zombie hands grab the green ugly thing.
Zombie hands grab the frost giant.
You are feeling hungry.
The zombie hands constrict the frost giant!
The zombie hands constrict the green ugly thing.
The frost giant points at you and mumbles some strange words.
The bolt of cold misses you.
You block the green ugly thing's attack.
The zombie hands constrict the frost giant.
The zombie hands constrict the green ugly thing!
The frost giant hits you with a +2 battleaxe of freezing!!
The frost giant freezes you!
The green ugly thing struggles to escape constriction.
The zombie hands constrict the frost giant!
The zombie hands constrict the green ugly thing.
The green ugly thing struggles to escape constriction.
The frost giant points at you and mumbles some strange words.
The bolt of cold hits you!!
You die...
Kikubaaqudgha rasps: "You have failed me!
Welcome... death!"

#### ##### ...# #...#
...## #...# ....# #...#
#+# ....##########..<#
#.#
.....##...#.....@######.#
..##....#...#......u§(..#
#.....#######.####C####.#
#####.#
#.#.##≈≈..(≈≈#.#######
#..
##)###≈..#..≈#........
##.########.#.
.#.#u#######
#.#......#.≈. .≈.#.#
#.#......#.≈. .≈.#.#
#........#.≈. .≈.#.#


You could see a frost giant and a green ugly thing.

Vanquished Creatures
  Jorgrun (D:15)
  2 centaur warriors (D:15)
  7 two-headed ogres
  An ogre mage (D:15)
  A tengu warrior (D:15)
  2 unseen horrors
  Pikel (D:7)
  An ugly thing (D:12)
  A cyclops (D:15)
  Joseph (D:7)
  A gargoyle (D:10)
  A yaktaur (D:15)
  A tengu conjurer (D:10)
  2 hornets
  3 hippogriffs
  Sigmund (D:6)
  A vampire (D:15)
  4 yaks (D:11)
  A wyvern (D:15)
  A wraith (D:10)
  A hungry ghost (D:10)
  6 vampire mosquitoes (D:15)
  Edmund (D:5)
  2 wargs (D:8)
  A water moccasin (D:11)
  2 acid dragons (D:11)
  Purgy (Sewer)
  A sky beast (D:7)
  4 ice beasts
  A black bear (D:12)
  3 orc warriors
  4 slaves
  6 ogres
  2 phantoms (D:7)
  14 centaurs
  A crocodile (D:11)
  A big kobold (D:8)
  10 bullfrogs
  A wyvern skeleton (D:10)
  3 scorpions
  14 killer bees
  10 wights
  5 crimson imps
  2 howler monkeys
  2 bullfrog zombies
  2 centaur skeletons
  Crazy Yiuf (D:6)
  6 hounds
  5 jellies
  10 orc priests
  9 orc wizards
  3 bullfrog skeletons
  2 centaur zombies
  6 worker ants
  Terence (D:1)
  2 iguanas
  A killer bee zombie (D:7)
  A hound skeleton (D:10)
  Robin (D:1)
  8 gnolls
  8 adders
  3 shadow imps
  3 adder skeletons
  An adder zombie (D:5)
  6 worms
  A dart slug (D:2)
  3 leopard geckos
  44 orcs
  6 giant cockroaches
  13 goblins
  14 hobgoblins
  8 jackals
  16 kobolds
  5 quokkas
  2 ball pythons
  11 bats
  5 frilled lizards
  A jackal skeleton (D:4)
  A leopard gecko skeleton (D:5)
  9 rats
350 creatures vanquished.

Notes
Turn   | Place    | Note
-------+----------+-------------------------------------------
     0 | D:1      | DildoBatman the Formicid Wizard began the quest for the
                  | Orb.
     0 | D:1      | Reached XP level 1. HP: 13/13 MP: 4/4
   139 | D:1      | Reached skill level 1 in Conjurations
   339 | D:1      | Reached XP level 2. HP: 19/19 MP: 6/6
   520 | D:1      | Reached XP level 3. HP: 24/24 MP: 3/7
   525 | D:1      | Learned a level 3 spell: Conjure Flame
   529 | D:1      | Learned a level 3 spell: Mephitic Cloud
  1235 | D:2      | Reached XP level 4. HP: 20/30 MP: 5/8
  1503 | D:2      | Noticed Terence
  1580 | D:2      | Noticed Robin
  1714 | D:2      | Found a shattered altar of Ashenzari.
  2267 | D:3      | Reached XP level 5. HP: 35/35 MP: 6/9
  2343 | D:3      | Noticed an ogre
  2375 | D:3      | Killed an ogre
  2375 | D:3      | Reached XP level 6. HP: 41/41 MP: 3/10
  2398 | D:3      | Reached skill level 5 in Conjurations
  3374 | D:4      | Found a staircase to the Ecumenical Temple.
  3385 | Temple   | Entered the Ecumenical Temple
  3650 | Temple   | Became a worshipper of Kikubaaqudgha
  3713 | D:4      | Got a spiked scale mail
  3725 | D:4      | Found Huafeb's Antique Armour Shop.
  3750 | D:4      | Reached XP level 7. HP: 40/46 MP: 2/11
  4426 | D:4      | Found a burning altar of Makhleb.
  4440 | D:4      | Reached skill level 1 in Fire Magic
  4576 | D:4      | Reached skill level 1 in Air Magic
  4673 | D:1      | Killed Robin
  4848 | D:1      | Killed Terence
  4953 | D:5      | Entered Level 5 of the Dungeon
  4963 | D:5      | Noticed Edmund
  4982 | D:5      | Killed Edmund
  5021 | D:5      | Found a white marble altar of Elyvilon.
  5089 | D:5      | Reached XP level 8. HP: 24/52 MP: 1/12
  5112 | D:5      | Reached * piety under Kikubaaqudgha
  5112 | D:5      | Identified Kikubaaqudgha's Collected Works on Evil
                  | (Kikubaaqudgha gifted it to you on level 5 of the Dungeon)
  5112 | D:5      | Received a gift from Kikubaaqudgha
  5126 | D:5      | Learned a level 2 spell: Sublimation of Blood
  5130 | D:5      | Learned a level 3 spell: Vampiric Draining
  5271 | D:5      | Found a glowing drain.
  5276 | Sewer    | Entered a sewer
  5322 | Sewer    | Noticed Purgy
  5336 | Sewer    | Killed Purgy
  6195 | D:6      | Reached skill level 5 in Fire Magic
  6209 | D:6      | Noticed Sigmund
  6231 | D:6      | Reached ** piety under Kikubaaqudgha
  6242 | D:6      | Killed Sigmund
  6242 | D:6      | Reached XP level 9. HP: 52/57 MP: 3/13
  6296 | D:6      | Found a runed translucent door.
  6297 | D:6      | Noticed Crazy Yiuf
  6385 | D:6      | Reached skill level 5 in Air Magic
  6436 | D:6      | Reached skill level 1 in Necromancy
  6533 | D:6      | Found Runuarya's Weapon Shop.
  6937 | D:6      | Killed Crazy Yiuf
  6982 | D:6      | Got a scorched mace
  7109 | D:6      | Identified the +4 mace of Zin's Condemnation {freeze, rElec
                  | rF+} (You found it on level 6 of the Dungeon)
  7500 | D:7      | Noticed Joseph
  7545 | D:7      | Killed Joseph
  7545 | D:7      | Reached skill level 5 in Necromancy
  7674 | D:7      | Found a shimmering blue altar of Sif Muna.
  8110 | D:7      | Noticed Pikel
  8551 | D:7      | Reached *** piety under Kikubaaqudgha
  8551 | D:7      | Identified Kikubaaqudgha's Grimoire of Evil (Kikubaaqudgha
                  | gifted it to you on level 7 of the Dungeon)
  8551 | D:7      | Received a gift from Kikubaaqudgha
  8565 | D:7      | Reached XP level 10. HP: 48/63 MP: 8/15
  9056 | D:7      | Killed Pikel
  9210 | D:7      | Reached skill level 5 in Spellcasting
  9330 | D:8      | Learned a level 5 spell: Dispel Undead
  9360 | D:8      | Found a stormy altar of Qazlal.
  9685 | D:8      | Reached **** piety under Kikubaaqudgha
 10088 | D:8      | Found a staircase to the Lair.
 10373 | D:8      | Found a radiant altar of Vehumet.
 11003 | D:9      | Learned a level 5 spell: Borgnjor's Vile Clutch
 11251 | D:9      | Reached skill level 1 in Earth Magic
 11340 | D:9      | Found an ornate altar of the Wu Jian Council.
 11340 | D:9      | Found a shimmering blue altar of Sif Muna.
 11345 | D:9      | Found a faded altar of an unknown god.
 11347 | D:9      | Found a blossoming altar of Fedhas.
 11349 | D:9      | Found an opulent altar of Gozag.
 11453 | D:9      | Noticed a two-headed ogre
 11519 | D:9      | Killed a two-headed ogre
 11519 | D:9      | Reached XP level 11. HP: 68/68 MP: 10/22
 11587 | D:9      | Found a bloodstained altar of Trog.
 11668 | D:10     | Entered Level 10 of the Dungeon
 11734 | D:10     | Reached skill level 5 in Earth Magic
 11770 | D:9      | Learned a level 3 spell: Regeneration
 11913 | D:10     | Noticed an unseen horror
 11932 | D:10     | Killed an unseen horror
 12177 | D:10     | Noticed a two-headed ogre
 12191 | D:10     | Killed a two-headed ogre
 12322 | D:10     | Found Onuprasch's Antique Weapon Shop.
 12374 | D:10     | Reached ***** piety under Kikubaaqudgha
 12856 | D:11     | Identified the +3 scale mail of Ytsach {rN+ Str+3 Slay+2
                  | SInv} (You found it on level 4 of the Dungeon)
 12909 | D:11     | Reached skill level 1 in Fighting
 12909 | D:11     | Reached skill level 1 in Armour
 12923 | D:11     | Noticed a two-headed ogre
 13107 | D:11     | Killed a two-headed ogre
 13317 | D:11     | Reached XP level 12. HP: 77/78 MP: 9/23
 13385 | D:11     | Got a warped quarterstaff
 13405 | D:11     | Identified the +5 quarterstaff of Courage {crush, rN+ SInv}
                  | (You found it on level 11 of the Dungeon)
 13765 | D:12     | Reached skill level 1 in Shields
 13980 | D:12     | You fall into a shaft and drop 3 floors!
 13980 | D:15     | Entered Level 15 of the Dungeon
 14009 | D:15     | Noticed a centaur warrior
 14059 | D:15     | Reached skill level 5 in Shields
 14144 | D:15     | Killed a centaur warrior
 14253 | D:15     | Noticed a two-headed ogre
 14268 | D:15     | Killed a two-headed ogre
 14316 | D:15     | Noticed a two-headed ogre
 14332 | D:15     | Killed a two-headed ogre
 14385 | D:15     | Noticed a two-headed ogre
 14398 | D:15     | Killed a two-headed ogre
 14416 | D:15     | Noticed an unseen horror
 14419 | D:15     | Killed an unseen horror
 14440 | D:15     | Noticed a two-headed ogre
 14441 | D:15     | Noticed an ogre mage
 14447 | D:15     | Killed an ogre mage
 14449 | D:15     | Killed a two-headed ogre
 14608 | D:15     | Noticed Jorgrun
 14624 | D:15     | Noticed a tengu warrior
 14657 | D:15     | Killed a tengu warrior
 14657 | D:15     | Reached XP level 13. HP: 79/88 MP: 8/24
 14665 | D:15     | Killed Jorgrun
 14743 | D:15     | Noticed a centaur warrior
 14755 | D:15     | Killed a centaur warrior
 14784 | D:15     | Reached skill level 5 in Fighting
 14918 | D:15     | Reached skill level 5 in Armour
 14950 | D:15     | Noticed a frost giant
 14953 | D:15     | Killed from afar by a frost giant

Levels and vault maps discovered:
D:1:      matt_arrival_refuge, layout_basic
D:2:      layout_loops_cross, lemuel_doored_altar, corexii_hall_statues_x,
          uniq_robin, uniq_terence
D:3:      layout_basic, first_ration
D:4:      layout_basic, makhleb_blood_cavern_becter, minmay_temple_entry_waves,
          serial_shops, shop
D:5:      layout_cave_pools, basic_altar, lightli_sewer_entry_pipes, uniq_edmund
D:6:      layout_loops_ring, serial_shops, shop, uniq_sigmund,
          uniq_crazy_yiuf_cottage
D:7:      layout_loops_corners, tgw_sif, uniq_joseph, uniq_pikel
D:8:      layout_layer_cave, nicolae_overflow_crystal_walls, marbit_many_paths,
          erik_lair_orcish_takeover
D:9:      layout_gridville, lemuel_coloured_pillars_altar,
          chequers_temple_overflow_minitemple
D:10:     layout_roguey, serial_shops, nicolae_shop_trees, grunt_tengu_nest
D:11:     layout_long_grid
D:12:     layout_loops_ring, orc_0_dummy, basic_altar, minivault_13
D:15:     grunt_enter_depths_snipers, layout_basic, st_stairs_8,
          minmay_misc_feat_roman, uniq_jorgrun
Temple:   oiseaux_autumnal_temple

Skill      XL: |  1  2  3  4  5  6  7  8  9 10 11 12 13 |
---------------+----------------------------------------+-----
Conjurations   | 1 2 3 4 6 |  6.1
Fire Magic     | 3 5 |  5.0
Air Magic      | 2 4 5 |  5.0
Necromancy     | 7 9 |  9.6
Spellcasting   | 7 |  7.7
Earth Magic    | 3 9 |  9.9
Charms         | 4 |  4.0
Dodging        | 2 4 |  4.7
Fighting       | 2 4 5 |  5.1
Armour         | 2 4 5 |  5.0
Shields        | 9 |  9.1
Stealth        | |  2.4
Summonings     | |  1.0
Translocations | |  0.8

Action                   |  1- 3 |  4- 6 |  7- 9 | 10-12 | 13-15 || total
-------------------------+-------+-------+-------+-------+-------++-------
Melee: Whip              |    12 |       |       |       |       ||    12
       Dagger            |    37 |   120 |    28 |       |       ||   185
       Spear             |       |    20 |       |       |       ||    20
       Dire flail        |       |       |    90 |       |       ||    90
       Trident           |       |       |    16 |       |       ||    16
       Mace              |       |       |    55 |    89 |       ||   144
       Halberd           |       |       |     1 |    13 |       ||    14
       Quarterstaff      |       |       |       |     8 |     1 ||     9
 Fire: Hunting sling     |       |       |     3 |   381 |    25 ||   409
Throw: Stone             |       |       |     1 |     1 |       ||     2
       Throwing net      |       |       |     1 |       |       ||     1
 Cast: Magic Dart        |    38 |    99 |    56 |    25 |       ||   218
       Mephitic Cloud    |     1 |     9 |    43 |    37 |     2 ||    92
       Conjure Flame     |       |     3 |    27 |    58 |     2 ||    90
       Vampiric Draining |       |       |     4 |     3 |       ||     7
       Dispel Undead     |       |       |       |    11 |       ||    11
       Borgnjor's Vile C |       |       |       |    55 |    10 ||    65
       Sublimation of Bl |       |       |       |    27 |     5 ||    32
       Regeneration      |       |       |       |    26 |     6 ||    32
 Abil: Dig               |     4 |    14 |    13 |    31 |     2 ||    64
Evoke: Wand              |       |       |     8 |     3 |     2 ||    13
  Use: Scroll            |       |     3 |     2 |     4 |       ||     9
       Potion            |       |       |       |     2 |     2 ||     4
 Stab: Sleeping          |     1 |     1 |     2 |       |       ||     4
       Confused          |       |     4 |     7 |     7 |       ||    18
       Distracted        |       |       |     1 |       |       ||     1
  Eat: Chunk             |     1 |    10 |    19 |    30 |     4 ||    64
       Ration            |       |       |     2 |     3 |       ||     5
Armor: Robe              |     3 |    14 |    26 |    27 |     1 ||    71
Dodge: Dodged            |    27 |    87 |   108 |   121 |     9 ||   352
Block: Shield            |       |       |       |     5 |     9 ||    14
